 Dungeon Crawl Stone Soup version 0.23.2-40-g277498a001 (webtiles) character file.

Game seed: 3193565984625309311

134 Exodus22XD the Slasher (level 4, -2/34 HPs)
             Began as a Demonspawn Gladiator on Sept 6, 2019.
             Splashed by a jelly's acid (7 damage)
             ... on level 2 of the Dungeon.
             The game lasted 00:02:55 (1203 turns).

Exodus22XD the Slasher (Demonspawn Gladiator)       Turns: 1203, Time: 00:02:57

Health: -2/34      AC: -8    Str: 20    XL:     4   Next: 95%
Magic:  4/4        EV: 14    Int:  9    God:
Gold:   80         SH:  0    Dex: 15    Spells: 3/3 levels left

rFire    . . .     SeeInvis .   a - +0 long sword
rCold    . . .     Gourm    .   (no shield)
rNeg     . . .     Faith    .   b - +0 leather armour
rPois    .         Spirit   .   (helmet restricted)
rElec    .         Reflect  .   (no cloak)
rCorr    .         Harm     .   (no gloves)
MR       .....                  (no boots)
Stlth    +.........             (no amulet)
HPRegen  0.11/turn              k - +1 ring of evasion
MPRegen  0.09/turn              c - +5 ring of strength

@: corroded
A: antennae 2, demonic guardian 1
a: no special abilities


You were on level 2 of the Dungeon.
You were not hungry.

You visited 1 branch of the dungeon, and saw 2 of its levels.

You collected 80 gold pieces.

Inventory:

Hand Weapons
 a - a +0 long sword (weapon)
 j - a +1 dagger of speed
Missiles
 d - 3 throwing nets (quivered)
Armour
 b - a +0 leather armour (worn)
Jewellery
 c - a +5 ring of strength (right hand)
 k - a +1 ring of evasion (left hand)
Scrolls
 e - 2 scrolls of remove curse {unknown}
 h - a scroll of identify {unknown}
Potions
 i - a potion of agility {unknown}
Comestibles
 f - 3 rations


   Skills:
 + Level 2.6 Fighting
 + Level 3.9 Long Blades
 - Level 1.8 Throwing
 + Level 1.4 Armour
 + Level 3.4 Dodging


You had 3 spell levels left.
You didn't know any spells.
Your spell library was empty.

Dungeon Overview and Level Annotations

Branches:
Dungeon (2/15)

Altars:


Innate Abilities, Weirdness & Mutations

You have a pair of antennae on your head.
A weak demonic guardian rushes to your aid.


Message History

The ooze barely misses your quasit.
Something hits your quasit but does no damage.
The ooze misses your quasit. Something closely misses your quasit.
The ooze barely misses your quasit. Something hits your quasit.
The ooze hits your quasit. Something misses your quasit.
The ooze hits your quasit.
Your quasit bites the ooze.
Your quasit claws the ooze.
Your quasit barely misses the ooze.
Something closely misses your quasit.
Your quasit disappears in a puff of smoke!
The ooze hits you.
You hit the ooze.
You kill the ooze!
You slash the jelly! The acid corrodes you!
Your hands burn!
The jelly is heavily wounded.
The jelly hits you. The acid corrodes you!
You are splashed with acid!
* * * LOW HITPOINT WARNING * * *
The jelly hits you.
* * * LOW HITPOINT WARNING * * *
The acid corrodes you!
You are splashed with acid!
You die...

##.....## #.#.÷.÷..#
#......(# #.#.#÷####
#.......# #.#.#.#
#.......# #.#.#.##
#.......# #.#....#
####....# #.####.#
##..'....# #.#....#
#.######## #.#.#..##
#+# ##..).5@##
#.#.#.#.# ..# #######J#
#.#...#.##..#
.PJ.÷..J.##.#..##..#..#
.P.J.÷...##.#.........#
.....÷...##.#.###....##
.....J...##.#.###......
.........##.#..........
[P.P÷P...##.#######..##
###########..........#


You could see a jelly, an ooze and a friendly shadow imp.

Vanquished Creatures
  A jelly (D:2)
  An adder (D:2)
  7 oozes (D:2)
  4 giant cockroaches
  2 goblins
  3 hobgoblins
  6 jackals
  11 kobolds
  3 bats
  2 frilled lizards
  2 rats
42 creatures vanquished.

Vanquished Creatures (collateral kills)
  A jelly (D:2)
  2 adders (D:2)
3 creatures vanquished.

Vanquished Creatures (others)
  2 fungi (D:2)
  8 toadstools (D:2)
10 creatures vanquished.

Grand Total: 55 creatures vanquished

Notes
Turn   | Place    | Note
-------+----------+-------------------------------------------
     0 | D:1      | Exodus22XD the Demonspawn Gladiator began the quest for the
                  | Orb.
     0 | D:1      | Reached XP level 1. HP: 16/16 MP: 1/1
   100 | D:1      | Gained mutation: A weak demonic guardian rushes to your
                  | aid. [demonic ancestry]
   100 | D:1      | Reached XP level 2. HP: 22/22 MP: 2/2
   771 | D:2      | Gained mutation: You have a pair of small antennae on your
                  | head. [demonic ancestry]
   771 | D:2      | Reached XP level 3. HP: 27/27 MP: 3/3
  1159 | D:2      | Reached skill level 1 in Armour
  1159 | D:2      | Gained mutation: You have a pair of antennae on your head.
                  | [demonic ancestry]
  1159 | D:2      | Reached XP level 4. HP: 30/34 MP: 4/4
  1203 | D:2      | Splashed by a jelly's acid

Skill      XL: |  1  2  3 |
---------------+----------+-----
Long Blades    | 3 |  3.9
Dodging        | 3 |  3.4
Armour         | 1 |  1.4
Fighting       | |  2.6
Throwing       | |  1.8

Action                   |  1- 3 |  4- 6 || total
-------------------------+-------+-------++-------
Melee: Long sword        |    85 |    18 ||   103
  Eat: Chunk             |     1 |       ||     1
Armor: Leather armour    |    38 |     6 ||    44
Dodge: Dodged            |    94 |     6 ||   100
       Rpst.: Long sword |    26 |     3 ||    29
